 Dungeon Crawl Stone Soup version 5.6-49-g8abd877 (webtiles) character file.

118 rednecknazgul the Archer (level 13, 0/78 HPs) *CASUAL*
             Began as a Deep Elf Skald on Dec 3, 2018.
             Was an Elder of Dithmenos.
             Slain by a two-headed ogre
             ... wielding a -2 quarterstaff
              (7 damage)
             ... on level 12 of the Dungeon on Dec 4, 2018.
             The game lasted 00:18:40 (10730 turns).

rednecknazgul the Archer (Deep Elf Skald)          Turns: 10730, Time: 00:18:41

Health: 0/78       AC: 24 (39%)Str: 13  XL:     13   Next: 35%
Magic:  15/15      EV:  8    Int: 23    God:    Dithmenos [4*[113]]
Gold:   271        SH:  0    Dex: 14    Spells: 13/26 levels left

rFire    + + .     SeeInvis .   u - +7 triple crossbow (freeze)
rCold    . . .     Faith    .   (shield currently unavailable)
rNeg     . . .     Spirit   .   l - +3 plate armour {rF+}
rPois    .         Reflect  .   c - +1 helmet {MR+}
rElec    .                      (no cloak)
rCorr    .                      (no gloves)
MR       ++...                  B - +1 pair of boots
Stlth    ..........             m - amulet of regeneration
Regen    1.3/turn               e - +3 ring of protection
MPRegen  0.5/turn               H - ring "Soexisih" {Wiz rF+ Int+4 Slay+3}

@: regenerating, wreathed by umbra, studying Shields, repel missiles
A: magic attunement
a: End Regeneration, Stop Singing, Stop Repelling Missiles, Shadow Step,
Renounce Religion


You were on level 12 of the Dungeon.
You worshipped Dithmenos.
Dithmenos was greatly pleased with you.
You were not hungry.

You visited 2 branches of the dungeon, and saw 13 of its levels.
You visited the bazaar 1 time.
You also visited: Ossuary, Bailey and Volcano.

You collected 2051 gold pieces.
You spent 1780 gold pieces at shops.

Inventory:

Hand Weapons
 u - a +7 triple crossbow of freezing (weapon)
Armour
 c - a +1 helmet of magic resistance (worn)
 l - a +3 plate armour of fire resistance (worn)
 B - a +1 pair of boots (worn)
Jewellery
 e - a +3 ring of protection (left hand)
 m - an amulet of regeneration (around neck)
 t - a +5 ring of dexterity
 v - a +5 ring of intelligence
 z - an uncursed amulet of faith
 A - the ring "Jibroxt" {Fire *Drain Str+4 Stlth+}
   (You found it on level 6 of the Dungeon)

   [ring of fire]

   It enhances your fire magic.
   It affects your strength (+4).
   It protects you from fire.
   It causes draining when unequipped.
   It makes you more stealthy.
 E - a +5 ring of strength
 H - the ring "Soexisih" (right hand) {Wiz rF+ Int+4 Slay+3}
   (You bought it in a shop in a bazaar)

   [ring of wizardry]

   It improves your spell success rate.
   It affects your intelligence (+4).
   It affects your accuracy and damage with ranged weapons and melee attacks
   (+3).
   It protects you from fire.
Wands
 f - a wand of disintegration (4)
 C - a wand of flame (9)
 D - a wand of lightning (6)
 G - a wand of enslavement (6)
Scrolls
 b - 4 scrolls of amnesia
 g - 2 scrolls of teleportation
 i - 2 scrolls of fear
 n - a scroll of silence
 o - 5 scrolls of enchant armour
 s - 2 scrolls of fog
 x - 5 scrolls of blinking
 y - 4 scrolls of magic mapping
Potions
 d - 5 potions of flight
 h - 3 potions of heal wounds
 k - 3 potions of berserk rage
 p - 5 potions of lignification
 q - 2 potions of magic
 r - 2 potions of invisibility
 w - 2 potions of resistance
 F - a potion of augmentation


   Skills:
 + Level 8.1 Fighting
 - Level 2.0 Blades
 * Level 13.9 Bows & Xbows
 + Level 7.7 Armour
 + Level 11.1 Dodging
 + Level 13.8 Charms
 + Level 3.7 Necromancy
 + Level 3.1 Air Magic


You had 13 spell levels left.
You knew the following spells:

 Your Spells              Type           Power        Failure   Level  Hunger
a - Deflect Missiles      Chrm/Air       39 (200)     100%        6    N/A
b - Song of Slaying       Chrm           59 (100)     2%          2    N/A
c - Regeneration          Chrm/Necr      40 (200)     36%         3    N/A
e - Repel Missiles        Chrm/Air       39 (100)     22%         2    N/A

Your spell library contained the following spells:

 Spells                   Type           Power        Failure   Level  Hunger
 Magic Dart               Air            14 (25)      77%         1    N/A
 Mephitic Cloud           Hex/Air        7 (100)      100%        4    N/A
 Olgreb's Toxic Radiance  Hex            0 (100)      100%        5    N/A
 Ozocubu's Armour         Chrm/Ice       31 (100)     94%         4    N/A
 Swiftness                Chrm/Air       39 (100)     22%         2    N/A
 Airstrike                Air            14 (200)     100%        4    N/A
 Silence                  Hex/Air        7 (200)      100%        4    N/A
 Static Discharge         Air            14 (100)     98%         3    N/A
 Conjure Ball Lightning   Air            14 (200)     100%        7    N/A
 Tornado                  Air            14 (200)     100%        9    N/A
 Leda's Liquefaction      Hex/Erth       0 (200)      100%        4    N/A
 Summon Hydra             Summ           0 (200)      100%        7    N/A
 Fulminant Prism          Air            14 (200)     100%        5    N/A
 Infusion                 Chrm           25 (25)      1%          1    N/A
 Spectral Weapon          Chrm/Summ      31 (100)     100%        5    N/A
 Summon Forest            Summ/Tloc      0 (200)      100%        5    N/A
 Summon Lightning Spire   Summ/Air       7 (100)      100%        4    N/A
 Hydra Form               Tmut           0 (200)      100%        6    N/A

Dungeon Overview and Level Annotations

Branches:
Dungeon (12/15)            Bazaar (1/1)

Altars:
Cheibriados
Dithmenos
Elyvilon
Gozag
Jiyva
Kikubaaqudgha
Lugonu
Makhleb
Nemelex Xobeh
Okawaru
Qazlal
Ru
Sif Muna
Trog
Uskayaw
Vehumet
Wu Jian
Xom
Yredelemnul
Zin
The Shining One

Shops:
Bazaar =!:(*


Innate Abilities, Weirdness & Mutations

Your non-sustained spells cost 1 less MP to cast


Message History

Aim: a two-headed ogre, wielding a -2 quarterstaff and a +0 giant club (moderately wounded, umbra)
Okay, then.
You shoot an arrow.
The arrow hits the two-headed ogre (14)!
The arrow freezes the two-headed ogre (2).
The two-headed ogre is severely wounded.
The two-headed ogre hits you with a -2 quarterstaff (3).
* * * LOW HITPOINT WARNING * * *
The two-headed ogre hits you but does no damage.
The two-headed ogre hits you with a -1 giant club (3).
* * * LOW HITPOINT WARNING * * *
The two-headed ogre hits you but does no damage.
Firing (i - inventory):
Press: ? - help, Shift-Dir - straight line, f/p - two-headed ogre
Aim: a two-headed ogre, wielding a -2 quarterstaff and a +0 giant club (heavily wounded, umbra)
Okay, then.
You shoot an arrow.
The arrow barely misses the two-headed ogre (0).
The two-headed ogre hits you with a -2 quarterstaff (7)!
You die...

.........###.# #P..[.
...P.........+ ......
.............# ......
.............##+##....#.
........................
........................
...............)..$.....
...............OOO......
....P#.#P.P###PP@PO#....
#.########## ####### ###
###


You could see 4 two-headed ogres.

Vanquished Creatures
  Harold (D:12)
  A hydra (D:11)
  A two-headed ogre (D:12)
  2 orc knights (Bailey)
  2 ugly things (D:11)
  2 orc sorcerers
  5 trolls
  4 blink frogs (D:11)
  A vampire (D:12)
  A steam dragon (D:11)
  5 yaks (D:8)
  3 fire bats (Volcano)
  2 wyverns (D:10)
  2 angry ghosts
  An acid dragon (D:11)
  3 water moccasins
  A spiny frog skeleton (D:7)
  3 ice beasts
  3 black bears
  13 orc warriors
  2 phantoms
  10 ogres
  A wasp (D:11)
  7 centaurs
  6 elf zombies (Ossuary)
  4 bullfrogs
  A water moccasin zombie (D:7)
  2 wyvern skeletons
  5 scorpions
  9 wights (D:6)
  8 killer bees
  2 crimson imps (D:8)
  A howler monkey (D:6)
  3 lava snakes (Volcano)
  A wasp zombie (D:8)
  6 centaur zombies
  5 human zombies (Ossuary)
  A bullfrog zombie (D:6)
  A quasit (D:7)
  5 jellies
  An orc priest (D:8)
  A hound (D:8)
  2 bullfrog skeletons
  4 centaur skeletons
  Natasha (D:3)
  8 orc wizards
  4 worker ants
  2 iguanas
  A hound zombie (D:5)
  4 hound skeletons
  3 mummies (Ossuary)
  5 gnolls (Bailey)
  5 adders
  A shadow imp (D:8)
  An ooze (D:2)
  2 dart slugs (D:2)
  42 orcs
  11 quokkas
  6 bats
  A bat zombie (D:7)
  2 giant cockroaches
  9 goblins
  6 hobgoblins
  4 jackals (D:2)
  23 kobolds
  2 ball pythons
  5 frilled lizards
  A quokka skeleton (D:4)
  14 rats
307 creatures vanquished.

Vanquished Creatures (others)
  A plant (D:12)
1 creature vanquished.

Grand Total: 308 creatures vanquished

Notes
Turn   | Place    | Note
-------+----------+-------------------------------------------
     0 | D:1      | rednecknazgul the Deep Elf Skald began the quest for the Orb.
     0 | D:1      | Reached XP level 1. HP: 12/12 MP: 4/4
   107 | D:1      | Reached skill level 1 in Bows & Xbows
   107 | D:1      | Reached skill level 1 in Armour
   107 | D:1      | Reached XP level 2. HP: 11/16 MP: 6/6
   205 | D:1      | Learned a level 2 spell: Song of Slaying
   438 | D:1      | Reached XP level 3. HP: 19/20 MP: 4/4
   583 | D:1      | Learned a level 3 spell: Regeneration
   906 | D:2      | Found a sacrificial altar of Ru.
   919 | D:2      | Reached XP level 4. HP: 25/26 MP: 2/2
  1023 | D:2      | Reached XP level 5. HP: 22/30 MP: 5/5
  1207 | D:2      | Found a glowing golden altar of the Shining One.
  1434 | D:2      | Reached XP level 6. HP: 35/36 MP: 6/6
  1470 | D:2      | Found a faded altar of an unknown god.
  1873 | D:3      | Found a stormy altar of Qazlal.
  1875 | D:3      | Noticed an air elemental
  1876 | D:3      | Noticed a fire elemental
  1876 | D:3      | Noticed a water elemental
  1911 | D:3      | Found an opulent altar of Gozag.
  1914 | D:3      | Found a hide-covered altar of Uskayaw.
  1926 | D:3      | Found a shimmering altar of Xom.
  2143 | D:3      | Found a basalt altar of Yredelemnul.
  2331 | D:3      | Noticed Natasha
  2344 | D:3      | Killed Natasha
  2593 | D:4      | Found a sparkling altar of Nemelex Xobeh.
  2652 | D:4      | Reached skill level 5 in Bows & Xbows
  2652 | D:4      | Reached XP level 7. HP: 29/40 MP: 8/8
  3196 | D:4      | Found a glowing silver altar of Zin.
  3303 | D:5      | Entered Level 5 of the Dungeon
  3313 | D:5      | Got the +1 leather armour "Foodasui" {Int+2}
  3383 | D:5      | Found a white marble altar of Elyvilon.
  3398 | D:5      | Reached XP level 8. HP: 26/46 MP: 10/10
  3502 | D:5      | Found a sand-covered staircase.
  3520 | Ossuary  | Entered an ossuary
  3608 | Ossuary  | Reached skill level 5 in Dodging
  3703 | Ossuary  | Reached XP level 9. HP: 44/52 MP: 13/13
  4102 | D:5      | Learned a level 4 spell: Ozocubu's Armour
  4367 | D:6      | Reached skill level 5 in Fighting
  4453 | D:6      | Reached XP level 10. HP: 59/59 MP: 7/7
  4584 | D:6      | Reached skill level 10 in Charms
  4705 | D:6      | Found a bloodstained altar of Trog.
  4717 | D:6      | Reached skill level 5 in Armour
  4805 | D:6      | Got the ring "Jibroxt" {Fire *Drain Str+4 Stlth+}
  4829 | D:6      | Found a deep blue altar of Sif Muna.
  4916 | D:6      | Reached skill level 10 in Bows & Xbows
  5335 | D:7      | Found a shadowy altar of Dithmenos.
  5335 | D:7      | Found a snail-covered altar of Cheibriados.
  5335 | D:7      | Found a viscous altar of Jiyva.
  5335 | D:7      | Found a burning altar of Makhleb.
  5335 | D:7      | Found an ornate altar of the Wu Jian Council.
  5335 | D:7      | Found a radiant altar of Vehumet.
  5335 | D:7      | Found a corrupted altar of Lugonu.
  5335 | D:7      | Found an iron altar of Okawaru.
  5343 | D:7      | Became a worshipper of Dithmenos the Shadowed
  5370 | D:7      | Found a flagged portal.
  5380 | Bailey   | Entered a bailey
  5393 | Bailey   | Noticed an orc knight
  5405 | Bailey   | Noticed an orc knight
  5565 | Bailey   | Killed an orc knight
  5604 | Bailey   | Reached * piety under Dithmenos
  5719 | Bailey   | Killed an orc knight
  5719 | Bailey   | Reached XP level 11. HP: 64/64 MP: 9/9
  6002 | D:7      | Found an ancient bone altar of Kikubaaqudgha.
  6840 | D:8      | Reached ** piety under Dithmenos
  7271 | D:8      | Found a runed door.
  7649 | D:8      | Reached *** piety under Dithmenos
  7665 | D:8      | Found a burning altar of Makhleb.
  8250 | D:9      | Reached XP level 12. HP: 68/72 MP: 13/13
  8627 | D:10     | Entered Level 10 of the Dungeon
  8738 | D:10     | Learned a level 2 spell: Repel Missiles
  8986 | D:11     | Reached skill level 10 in Dodging
  9054 | D:11     | Found a dark tunnel.
  9059 | Volcano  | Entered a volcano
  9146 | Volcano  | Reached **** piety under Dithmenos
  9157 | Volcano  | Found a burning altar of Makhleb.
  9211 | Volcano  | Found a bloodstained altar of Trog.
  9547 | D:11     | Reached skill level 1 in Necromancy
  9563 | D:11     | Reached skill level 1 in Air Magic
  9636 | D:11     | Found a gateway to a bazaar.
  9745 | D:11     | Noticed a seven-headed hydra
  9822 | D:11     | Killed a seven-headed hydra
  9862 | D:11     | Found a shimmering altar of Xom.
  9949 | D:11     | Reached XP level 13. HP: 54/78 MP: 18/18
 10250 | Bazaar   | Entered a bazaar
 10278 | Bazaar   | Found Eneipibb's Jewellery Boutique.
 10279 | Bazaar   | Found Zotriokite's Distillery.
 10281 | Bazaar   | Found Goesunolo's Book Emporium.
 10283 | Bazaar   | Found Buoluw's Assorted Antiques.
 10283 | Bazaar   | Found Emaonk's Weapon Boutique.
 10480 | Bazaar   | Bought the ring "Soexisih" {Wiz rF+ Int+4 Slay+3} for 1300 gold pieces
 10538 | Bazaar   | Bought a +2 triple crossbow of freezing for 480 gold pieces
 10572 | Bazaar   | Learned a level 6 spell: Deflect Missiles
 10708 | D:12     | Noticed Harold
 10714 | D:12     | Killed Harold
 10730 | D:12     | Slain by a two-headed ogre

Skill      XL: |  1  2  3  4  5  6  7  8  9 10 11 12 13 |
---------------+----------------------------------------+-----
Charms         | 6 7 8 9 11 12 13 | 13.8
Bows & Xbows   | 1 2 3 5 6 7 9 10 12 13 | 13.9
Armour         | 1 2 3 4 5 6 7 |  7.7
Dodging        | 2 3 4 5 7 8 9 10 11 | 11.1
Fighting       | 2 3 4 5 6 7 8 |  8.1
Necromancy     | 2 3 |  3.7
Air Magic      | 2 3 |  3.1
Blades         | |  2.0

Action                   |  1- 3 |  4- 6 |  7- 9 | 10-12 | 13-15 || total
-------------------------+-------+-------+-------+-------+-------++-------
Melee: Rapier            |    75 |    66 |       |       |       ||   141
       Dagger            |       |   148 |     5 |       |       ||   153
 Fire: Shortbow          |       |       |   326 |  1117 |       ||  1443
       Triple crossbow   |       |       |       |       |    34 ||    34
 Cast: Song of Slaying   |     1 |       |       |     1 |     1 ||     3
       Regeneration      |     1 |       |       |       |     1 ||     2
       Ozocubu's Armour  |       |       |     1 |       |       ||     1
       Repel Missiles    |       |       |       |     2 |     1 ||     3
  Use: Scroll            |       |       |       |     4 |     6 ||    10
       Potion            |       |       |       |     3 |       ||     3
 Stab: Paralysed         |       |     2 |       |       |       ||     2
       Sleeping          |       |     2 |       |       |       ||     2
Armor: Scale mail        |    41 |       |       |       |       ||    41
       Steam dragon scal |     4 |    71 |    41 |    77 |       ||   193
       Leather armour    |       |       |       |    17 |       ||    17
       Plate armour      |       |       |       |    62 |    39 ||   101
       Troll leather arm |       |       |       |     6 |       ||     6
Dodge: Dodged            |    39 |   171 |   108 |   428 |    18 ||   764
